 Dungeon Crawl Stone Soup version 0.28.0-45-g0d030f2227 (webtiles) character file.

Game seed: 12722425298760314093

1085 seaoflcl the Slasher (level 8, -1/61 HPs)
             Began as a Human Fighter on Apr 10, 2022.
             Was an Initiate of Gozag.
             Slain by an ogre
             ... wielding a +0 giant spiked club
              (22 damage)
             ... on level 5 of the Dungeon.
             The game lasted 00:18:18 (4416 turns).

seaoflcl the Slasher (Human Fighter)                Turns: 4416, Time: 00:18:18

Health: -1/61      AC: 11    Str: 17    XL:     8   Next: 55%
Magic:  8/8        EV: 10    Int: 12    God:    Gozag
Gold:   490        SH:  5    Dex: 15    Spells: 7/7 levels left

rFire   + . .      SeeInvis .   s - +5 spear "Epoum" {venom, rElec Int+4}
rCold   . . .      Faith    .   c - +0 buckler
rNeg    . . .      Spirit   .   b - +0 scale mail
rPois   .          Reflect  .   l - +2 helmet
rElec   +          Harm     .   (no cloak)
rCorr   .          Rampage  .   h - +0 pair of gloves
Will    .....                   (no boots)
Stlth   ..........              q - amulet of regeneration
HPRegen 1.00/turn               g - ring of protection from fire
MPRegen 0.11/turn               (no ring)

@: no status effects
A: subdued magic 1
a: Renounce Religion, Potion Petition, Call Merchant, Bribe Branch


You were on level 5 of the Dungeon.
You worshipped Gozag.
Gozag was aware of your devotion.
You visited 1 branch of the dungeon, and saw 5 of its levels.

You collected 538 gold pieces.
You paid 48 gold pieces to Gozag.

Inventory:

Hand Weapons
 a - a +0 long sword
 s - the +5 spear "Epoum" (weapon) {venom, rElec Int+4}
   (You found it on level 3 of the Dungeon)

   It poisons the flesh of those it strikes.
   Int:       It affects your intelligence (+4).
   rElec:     It insulates you from electricity.
 t - a +2 dagger of flaming
Armour
 b - a +0 scale mail (worn)
 c - a +0 buckler (worn)
 h - a +0 pair of gloves (worn)
 l - a +2 helmet (worn)
Magical Staves
 e - a staff of fire
 r - a staff of poison
Jewellery
 g - a ring of protection from fire (left hand)
 j - an amulet of reflection
 m - a ring of fire
 q - an amulet of regeneration (around neck)
Scrolls
 k - 2 scrolls of noise
 o - 2 scrolls of torment {unknown}
 p - a scroll of teleportation {unknown}
Potions
 d - a potion of cancellation
 f - a potion of curing {unknown}
 i - 3 potions of attraction
 n - 2 potions of lignification
 u - a potion of magic {unknown}
 v - a potion of haste {unknown}


   Skills:
 + Level 4.3 Fighting
 + Level 5.5 Long Blades
 + Level 2.2 Polearms
 + Level 5.0 Armour
 + Level 2.2 Dodging
 + Level 1.2 Stealth
 + Level 5.3 Shields


You had 7 spell levels left.
You didn't know any spells.
Your spell library contained the following spells:

 Spells                   Type           Power      Damage    Failure   Level
 Gell's Gravitas          Tloc           0%         N/A       98%         3
 Teleport Other           Tloc           0%         N/A       98%         3
 Dispersal                Tloc           0%         N/A       100%        6


Dungeon Overview and Level Annotations

Branches:
Dungeon (5/15)
 Temple: D:4-7

Altars:
Elyvilon
Gozag
Makhleb
Nemelex Xobeh
Trog

Shops:
D:3 :


Innate Abilities, Weirdness & Mutations

Your spells are a little easier to cast, but a little less powerful.


Message History

The adder bites you.
The ogre hits you with a +0 giant spiked club.
The phantom barely misses you.
You puncture the adder!
The adder is poisoned.
The adder is severely wounded.
The adder bites you but does no damage. The adder bites you.
You are poisoned.
The adder poisons you! The phantom barely misses you.
The ogre completely misses you.
You closely miss the adder.
The adder is severely wounded.
You feel sick. The adder barely misses you.
The phantom hits you but does no damage.
You completely miss the adder.
The adder is severely wounded.
You feel sick. The adder bites you but does no damage.
The ogre hits you with a +0 giant spiked club!!
The phantom hits you but does no damage.
The adder bites you but does no damage.
You feel sick.
You kill the adder!
The phantom barely misses you.
You feel sick.
You feel sick.
You feel sick.
Found three altars.
You feel sick.
You are no longer poisoned.
Found a sparkling altar of Nemelex Xobeh.
You puncture the ogre!
The ogre is heavily wounded.
The ogre barely misses you.
You puncture the ogre!
The ogre is poisoned.
The ogre is severely wounded.
You block the ogre's attack.
You barely miss the ogre.
The ogre is severely wounded.
The phantom hits you!
The ogre hits you with a +0 giant spiked club!!
You die...
Your body crumbles into a pile of gold.

####### #### #.....#
....# ####@._..##
.....## #..OW_8_....
......#### #.#..._...##
.........# #.#.......#
......#..####.#####...#
.P..P.........# ####
......≈≈.$...##
#P..!≈≈≈≈≈≈..#
.P.≈≈≈≈≈≈≈≈PP#


You could see a phantom and an ogre (very poisoned).

Vanquished Creatures
  Sigmund (D:2)
  A black bear (D:3)
  An ogre (D:4)
  2 scorpions (D:4)
  An orc priest (D:4)
  A centaur skeleton (D:5)
  A hound (D:4)
  Terence (D:3)
  Natasha (twice) (D:3)
  An iguana (D:4)
  An orc wizard (D:4)
  Robin (D:4)
  7 gnolls
  2 adders (D:5)
  An ufetubus (D:4)
  3 worms
  A dart slug (D:1)
  3 orcs
  6 bats
  6 endoplasms
  A giant cockroach (D:3)
  22 goblins
  9 hobgoblins
  7 jackals
  5 quokkas
  8 ball pythons
  4 frilled lizards
  7 kobolds
  4 rats
110 creatures vanquished.

Vanquished Creatures (others)
  The ghost of MechaKamiliLaw the Ogre Mage, an amateur OgAE (D:4)
  An adder (D:4)
  A shadow imp (D:4)
  An endoplasm (D:4)
4 creatures vanquished.

Grand Total: 114 creatures vanquished

Notes
Turn   | Place    | Note
-------+----------+-------------------------------------------
     0 | D:1      | seaoflcl the Human Fighter began the quest for the Orb.
     0 | D:1      | Reached XP level 1. HP: 18/18 MP: 1/1
   125 | D:1      | Reached XP level 2. HP: 24/24 MP: 2/2
   128 | D:1      | Found a faded altar of an unknown god.
   313 | D:1      | Reached XP level 3. HP: 16/29 MP: 3/3
  1609 | D:2      | Noticed Sigmund
  1628 | D:2      | Killed Sigmund
  1629 | D:2      | Reached skill level 1 in Dodging
  1629 | D:2      | Reached XP level 4. HP: 14/35 MP: 4/4
  1629 | D:2      | Reached XP level 5. HP: 16/41 MP: 5/5
  1629 | D:2      | Reached XP level 6. HP: 19/47 MP: 6/6
  2096 | D:3      | You fall into a shaft and drop 1 floor!
  2100 | D:4      | Noticed an ogre
  2116 | D:4      | Killed an ogre
  2346 | D:3      | Found an opulent altar of Gozag.
  2385 | D:3      | Became a worshipper of Gozag Ym Sagoz the Greedy
  2391 | D:3      | Noticed Natasha
  2394 | D:3      | Noticed a black bear
  2402 | D:3      | Noticed Robin
  2403 | D:3      | Killed Natasha
  2404 | D:3      | Reached XP level 7. HP: 36/53 MP: 7/7
  2407 | D:3      | Noticed Terence
  2461 | D:3      | Gained mutation: Your spells are a little easier to cast,
                  | but a little less powerful. [potion of mutation]
  2992 | D:4      | Killed Robin
  3116 | D:3      | Killed Terence
  3236 | D:3      | Found Boaqor's Book Emporium.
  3310 | D:3      | Noticed Natasha
  3351 | D:3      | Killed Natasha
  3520 | D:3      | Identified the +5 spear "Epoum" {venom, rElec Int+4}
  3603 | D:3      | Reached skill level 5 in Shields
  3836 | D:4      | Noticed MechaKamiliLaw's ghost (amateur OgAE)
  3841 | D:4      | Found a runed translucent gate.
  3841 | D:4      | Found a runed translucent gate.
  3841 | D:4      | Found a runed translucent gate.
  3903 | D:4      | Reached skill level 5 in Long Blades
  3908 | D:4      | Reached XP level 8. HP: 53/60 MP: 8/8
  3917 | D:4      | Reached skill level 1 in Stealth
  4111 | D:4      | Reached skill level 1 in Polearms
  4124 | D:4      | Killed MechaKamiliLaw's ghost
  4348 | D:5      | Entered Level 5 of the Dungeon
  4382 | D:5      | Reached skill level 5 in Armour
  4410 | D:5      | Found a bloodstained altar of Trog.
  4410 | D:5      | Found a white marble altar of Elyvilon.
  4410 | D:5      | Found a burning altar of Makhleb.
  4411 | D:5      | Found a sparkling altar of Nemelex Xobeh.
  4416 | D:5      | Slain by an ogre

Illustrated notes

Levels and vault maps discovered:
D:1:      saegor_arrival_simple_e, layout_basic, basic_ecumenical_altar,
          grunt_decor_junction, glass_columns_c
D:2:      layout_basic, uniq_sigmund
D:3:      minmay_wonky_spiral, layout_basic, nicolae_gozag_seed_capital,
          serial_shops, nicolae_lakefront_shop, minmay_goblin_outpost,
          uniq_natasha, uniq_robin, uniq_terence
D:4:      layout_cave_pools, gammafunk_ghost_split, hex_tiny,
          lemuel_old_faithful
D:5:      layout_loops_ring, led_xom_imps,
          chequers_temple_overflow_statue_of_worship,
          gammafunk_ghost_stat_death, nicolae_stop_n_shop_2,
          guppyfry_early_lair_pool

Skill      XL: |  1  2  3  4  5  6  7  8 |
---------------+-------------------------+-----
Long Blades    | 3 4 5 |  5.5
Armour         | 4 5 |  5.0
Dodging        | 1 2 |  2.2
Shields        | 4 5 |  5.3
Fighting       | 4 |  4.3
Stealth        | 1 |  1.2
Polearms       | 2 |  2.2

Action                   |  1- 3 |  4- 6 |  7- 9 || total
-------------------------+-------+-------+-------++-------
Melee: Long sword        |   105 |    53 |   140 ||   298
       Spear             |       |       |    81 ||    81
  Use: Scroll            |     4 |     1 |     2 ||     7
       Potion            |     1 |       |     2 ||     3
 Stab: Distracted        |       |       |     1 ||     1
Armor: Scale mail        |    55 |    15 |   146 ||   216
Dodge: Dodged            |    44 |    19 |   117 ||   180
Block: Buckler           |    51 |    15 |   147 ||   213
       Reflection        |     1 |       |       ||     1
